 Dungeon Crawl Stone Soup version 0.29-a0-676-ga64570c9d2 (webtiles) character file.

Game seed: 11904835575421459614

97879 skullybones the Fighter (level 16, -10/140 HPs)
             Began as a Human Hedge Wizard on June 24, 2022.
             Was a High Priest of Ashenzari.
             Mangled by an enormous slime creature (73 damage)
             ... on level 15 of the Dungeon.
             The game lasted 01:34:29 (31141 turns).

skullybones the Fighter (Human Hedge Wizard)       Turns: 31141, Time: 01:34:30

Health: -10/140    AC: 22    Str: 14    XL:     16   Next: 71%
Magic:  30/39      EV: 13    Int: 15    God:    Ashenzari [*****.]
Gold:   2617       SH:  5    Dex: 14    Spells: 4/36 levels left

rFire   . . .      SeeInvis +   y - +5 spear "Per Aspera Ad Scientiam" {freeze, rC+ rN+ Will++ Int-3, Comp, Alch} (curse)
rCold   + . .      Faith    .   (no shield)
rNeg    + . .      Spirit   .   C - +5 ring mail of the Shattered Ether {+Inv rPois Regen+, Comp, Melee} (curse)
rPois   +          Reflect  +   P - +2 hat "Oracular Servitude" {Bglg, Alch} (curse)
rElec   .          Harm     .   p - +2 cloak "Shackled With Me" {Alch, Bglg} (curse)
rCorr   .          Rampage  .   n - +2 pair of gloves of the Bound Seer {hurl, Bglg, Self} (curse)
Will    +++..      Archmagi +   O - +1 pair of boots "Share My Paranoia" {Bglg, Melee} (curse)
Stlth   ++........ Clarity  +   B - amulet of the Unyielding Gaze {Reflect SH+5, Cun, Comp} (curse)
HPRegen 1.13/turn               I - ring of the Mage {Wiz Archmagi}
MPRegen 0.26/turn               W - ring of the Fated Mistrust {MP+9, Bglg, Elem} (curse)

@: studying Bows
A: no striking features
a: Renounce Religion, Evoke Invisibility, Curse Item, Shatter the Chains


You were on level 15 of the Dungeon.
You worshipped Ashenzari.
Ashenzari was extremely pleased with you.
You visited 3 branches of the dungeon, and saw 23 of its levels.
You also visited: Ossuary.

You collected 3024 gold pieces.
You spent 407 gold pieces at shops.


   Skills:
 - Level 14.6(16.8) Fighting
 - Level 10.7(14.2) Polearms
 - Level 8.0 Armour
 - Level 3.5(5.6) Dodging
 - Level 2.0(3.7) Stealth
 + Level 8.4(10.7) Spellcasting
 - Level 8.7(15.0) Conjurations
 - Level 6.0(12.1) Hexes
 - Level 12.1(16.6) Summonings
 - Level 1.0(4.2) Translocations
 - Level 6.1(10.5) Transmutations
 * Level 9.0(11.3) Earth Magic


You had 4 spell levels left.
You knew the following spells:

 Your Spells              Type           Power      Damage    Failure   Level
c - Call Imp              Summ           72%        N/A       1%          2
d - Tukima's Dance        Hex            61%        N/A       1%          3
f - Summon Forest         Summ/Tloc      28%        N/A       2%          5
q - Iron Shot             Conj/Erth      32%        9d7       4%          6
s - Summon Mana Viper     Hex/Summ       67%        N/A       1%          5
y - Yara's Violent Unrav  Hex/Tmut       29%        3d12      1%          5
X - Summon Cactus Giant   Summ           36%        N/A       1%          6

Your spell library contained the following spells:

 Spells                   Type           Power      Damage    Failure   Level
 Magic Dart               Conj           100%       1d8       1%          1
 Slow                     Hex            100%       N/A       1%          1
 Sting                    Tmut/Pois      100%       1d8       1%          1
 Blink                    Tloc           62%        N/A       1%          2
 Ensorcelled Hibernation  Hex/Ice        80%        N/A       1%          2
 Passwall                 Tmut/Erth      47%        N/A       1%          2
 Confusing Touch          Hex            61%        N/A       1%          3
 Conjure Flame            Conj/Fire      46%        6-21      1%          3
 Stone Arrow              Conj/Erth      100%       3d13      1%          3
 Summon Guardian Golem    Hex/Summ       67%        N/A       1%          3
 Animate Armour           Summ/Erth      100%       N/A       1%          4
 Mephitic Cloud           Conj/Pois/Air  36%        N/A       2%          3
 Flame Wave               Conj/Fire      46%        2d10      2%          4
 Gell's Gravitas          Tloc           31%        N/A       3%          3
 Lesser Beckoning         Tloc           31%        N/A       3%          3
 Teleport Other           Tloc           31%        N/A       3%          3
 Poisonous Vapours        Pois/Air       28%        N/A       9%          2
 Scorch                   Fire           26%        2d6       9%          2
 Passage of Golubria      Tloc           31%        N/A       12%         4
 Swiftness                Air            13%        N/A       17%         3
 Olgreb's Toxic Radiance  Pois           15%        N/A       43%         4
 Blade Hands              Tmut           28%        N/A       2%          5
 Spellforged Servitor     Conj/Summ      35%        N/A       9%          7
 Orb of Destruction       Conj           34%        9d10      12%         7
 Silence                  Hex/Air        20%        N/A       14%         5
 Enfeeble                 Hex            30%        N/A       34%         7
 Lehudib's Crystal Spear  Conj/Erth      32%        10d8      86%         8
 Chain Lightning          Conj/Air       23%        3d30      100%        9
 Fire Storm               Conj/Fire      23%        8d6       100%        9
 Shatter                  Erth           29%        3d24*     100%        9

Inventory:

Hand Weapons
 y - the cursed +5 spear "Per Aspera Ad Scientiam" (weapon) {freeze, rC+ rN+ Will++ Int-3, Comp, Alch}
   (You found it on level 3 of the Dungeon)

   It freezes those it strikes, dealing additional cold damage.
   It can also slow down cold-blooded creatures.
   Int:       It affects your intelligence (-3).
   rC:        It protects you from cold.
   rN:        It protects you from negative energy.
   Will:      It greatly increases your willpower.
   It has a curse which improves the following skills: Companions: Summonings
   and Necromancy.
   Alchemy:   Poison Magic and Transmutations.
Missiles
 e - 5 silver boomerangs
 m - 5 curare-tipped darts {=f}
 w - 9 boomerangs
Armour
 n - the cursed +2 pair of gloves of the Bound Seer (worn) {hurl, Bglg, Self}
   (You bought it in a shop on level 2 of the Orcish Mines)

   It has a curse which improves the following skills: Beguiling: Conjurations,
   Hexes and Translocations.
   Introspection: Fighting and Spellcasting.
 p - the cursed +2 cloak "Shackled With Me" (worn) {Alch, Bglg}
   (You took it off Maurice on level 11 of the Dungeon)

   It has a curse which improves the following skills: Alchemy: Poison Magic and
   Transmutations.
   Beguiling: Conjurations, Hexes and Translocations.
 C - the cursed +5 ring mail of the Shattered Ether (worn) {+Inv rPois Regen+, Comp, Melee}
   (You found it on level 4 of the Dungeon)

   rPois:     It protects you from poison.
   +Inv:      It lets you turn invisible.
   Regen:     It increases your rate of health regeneration.
   It has a curse which improves the following skills: Companions: Summonings
   and Necromancy.
   Melee Combat: Short Blades, Long Blades, Axes, Maces & Flails, Polearms,
   Staves and Unarmed Combat.
 O - the cursed +1 pair of boots "Share My Paranoia" (worn) {Bglg, Melee}
   (You bought it in a shop on level 7 of the Dungeon)

   It has a curse which improves the following skills: Beguiling: Conjurations,
   Hexes and Translocations.
   Melee Combat: Short Blades, Long Blades, Axes, Maces & Flails, Polearms,
   Staves and Unarmed Combat.
 P - the cursed +2 hat "Oracular Servitude" (worn) {Bglg, Alch}
   (You took it off Gastronok on level 9 of the Dungeon)

   It has a curse which improves the following skills: Beguiling: Conjurations,
   Hexes and Translocations.
   Alchemy:   Poison Magic and Transmutations.
Magical Staves
 J - a staff of earth {!a}
   (You took it off Jorgrun on level 1 of the Orcish Mines)
Jewellery
 B - the cursed amulet of the Unyielding Gaze (around neck) {Reflect SH+5, Cun, Comp}
   (You found it on level 2 of the Lair of Beasts)

   [amulet of reflection]

   It reflects blocked missile attacks.
   SH:        It affects your SH (+5).
   It has a curse which improves the following skills: Cunning: Dodging and
   Stealth.
   Companions: Summonings and Necromancy.
 F - the ring "Cygiv" {Ice rN+}
   (You found it on level 9 of the Dungeon)

   [ring of ice]

   It enhances your ice magic.
   rF:        It makes you vulnerable to fire.
   rC:        It protects you from cold.
   rN:        It protects you from negative energy.
 I - the ring of the Mage (left hand) {Wiz Archmagi}
   (You found it on level 6 of the Lair of Beasts)

   [ring of wizardry]

   It improves your spell success rate.
   Archmagi:  It increases the power of your magical spells.
 L - a ring of flight
   (You found it on level 5 of the Dungeon)
 W - the cursed ring of the Fated Mistrust (right hand) {MP+9, Bglg, Elem}
   (You found it on level 9 of the Dungeon)

   [ring of magical power]

   MP:        It affects your magic capacity (+9).
   It has a curse which improves the following skills: Beguiling: Conjurations,
   Hexes and Translocations.
   Elements:  Fire Magic, Ice Magic, Air Magic and Earth Magic.
Wands
 f - a wand of mindburst (15)
   (You found it on level 2 of the Lair of Beasts)
 v - a wand of iceblast (20)
   (You took it off Ijyb on level 3 of the Dungeon)
 H - a wand of paralysis (2)
   (You took it off a wight on level 7 of the Dungeon)
 Q - a wand of digging (7)
   (You found it on level 10 of the Dungeon)
 V - a wand of flame (22)
   (You found it on level 10 of the Dungeon)
Scrolls
 g - 3 scrolls of enchant weapon
 h - 2 scrolls of summoning
 j - 3 scrolls of fear
 k - 3 scrolls of torment {!r}
 o - 2 scrolls of brand weapon
 q - 13 scrolls of immolation {!r!r}
 s - 2 scrolls of enchant armour
 t - 6 scrolls of poison
 u - a scroll of amnesia
 A - 7 scrolls of teleportation {@r4}
 G - a scroll of blinking {!r}
 K - a scroll of silence {!r}
 M - 3 scrolls of vulnerability {!r!r}
 R - 2 scrolls of magic mapping {!r}
 T - 3 scrolls of fog
Potions
 a - 3 potions of invisibility
 b - 3 potions of might
 d - 3 potions of magic
 i - a potion of lignification {!q}
 l - 10 potions of curing {@q1}
 r - 4 potions of ambrosia
 x - 2 potions of heal wounds {@q2}
 z - 4 potions of mutation {!q}
 D - 7 potions of brilliance
 E - 4 potions of cancellation
 N - 4 potions of attraction {!q}
 U - 3 potions of berserk rage {!q}
 X - 6 potions of flight
 Y - 4 potions of resistance
 Z - 9 potions of haste {@q3}
Miscellaneous
 c - a condenser vane
   (You found it on level 10 of the Dungeon)
 S - a box of beasts
   (You found it on level 10 of the Dungeon)

Dungeon Overview and Level Annotations

Branches:
Dungeon (15/15) Zot: 26368  Temple (0/1) D:7            Lair (6/6) D:11 Zot: 24955
 Shoals (0/4) Lair:4       Spider (0/4) Lair:2        Slime (0/5) Lair:5
    Orc (2/2) D:9 Zot: 9625     Elf (0/3) Orc:2        Vaults (0/5) D:14
 Depths (0/4) D:15        Ossuary (visited)

Altars:
Ashenzari
Cheibriados
Gozag
Makhleb
Qazlal
Ru
Yredelemnul
Beogh
Jiyva

Shops:
D:5 =   D:7 [   Orc:2 (:([

Annotations:
Lair:2 2 transporters, lunkers's ghost, journeyman FoFi
Orc:2 2 exclusions

......., ....................
.......,* ,.#####..####........
..####.. ., ,* ###..####........
..# * . .. ,*####..####........
..# * ,..., #####..####........
..# * .....#####..## #........
..# .....###....## #.......† ,
*,, ......#§....## #........ ,
*,,,......J@....##*#........ ,**
* ,......#C................ , ,,
..####.###.............. ,
#.#⌠..#.....#####..####. ,,** ##
#.#..., ##..#####..####. . #.
∆..#...#.##..#####..####. ..*
#.,#.#.#.#..##..#####..####.
..####.#...#.....##..#####).####.
.....#.....#.#####....))...†.....


You could see an enormous slime creature (ally target) and a friendly cactus
giant (summoned).


Message History

Space becomes stable.
Key pressed, stopping explore.
Key pressed, stopping explore.
Key pressed, stopping explore.
Things that are here:
a +0 hand axe; a +0 chain mail; 😎 HP[+16] MP[+18]
Your hp is fully restored (140).
Your mp is fully restored (39).
Things that are here:
a +0 chain mail; a scroll of identify {@r1}; an orc corpse
There is a stone staircase leading up here.
Things that are here:
a +0 hand axe; an orc corpse Your pack is full.
Things that are here:
a +0 whip of venom; 5 silver boomerangs Your pack is full.
Things that are here:
a +0 whip of venom; 5 silver boomerangs Could not pick up 5 silver boomerangs here; ([A]lways) ignore it? [Y]es, [N]o, or [A]lways only, please.
Could not pick up 5 silver boomerangs here; ([A]lways) ignore it? [Y]es, [N]o, or [A]lways only, please.
Could not pick up 5 silver boomerangs here; ([A]lways) ignore it?
Autopickup disabled for boomerangs.
Things that are here:
a +0 dagger; a +0 robe; an orc corpse Unknown command.
You drop 61 poisoned darts.
Things that are here:
a +0 whip of venom; 5 silver boomerangs
e - 5 silver boomerangs You now have 2617 gold pieces (gained 18).
A slime creature comes into view.
A slime creature is nearby!
A slime creature is nearby!
A slime creature is nearby! 2 slime creatures come into view.
The slime creature quivers.
A slime creature comes into view.
Casting: Tukima's Dance (safe; 1% risk of failure)
Confirm with . or Enter, or press ? or * to list all spells.
You feel a surge of power!
A mana viper appears with a sibilant hiss.
The slime creature quivers. x2 😎 MP[-5]
You lost 5 mp, and now have 34/39 mp.
Casting: Summon Mana Viper (mildly dangerous; 1% risk of failure)
Confirm with . or Enter, or press ? or * to list all spells.
You feel a surge of power!
You block the slime creature's attack. 😎 MP[-6]
You lost 6 mp, and now have 28/39 mp.
You hit the slime creature. You freeze the slime creature.
You hit the slime creature. You freeze the slime creature.
Your punch misses the slime creature. The slime creature hits you.
Your cactus giant hits the slime creature with a +0 giant spiked club. 😕 HP[-3]
You take 3 damage, and now have 137/140 hp.
You hit the slime creature. You freeze the slime creature.
Your mana viper bites the slime creature! 😕 HP[+1] MP[+1]
You hit the slime creature. You freeze the slime creature.
Two slime creatures merge to form a large slime creature.
Your mana viper barely misses the large slime creature. 😕 HP[+1]
You hit the large slime creature. You freeze the large slime creature.
You puncture the large slime creature! You freeze the large slime creature.
Your mana viper bites the large slime creature!!
The large slime creature hits your mana viper. 😎 HP[+1]
Your hp is fully restored (140).
You puncture the large slime creature! You freeze the large slime creature.
Your mana viper bites the large slime creature!
You puncture the large slime creature! You freeze the large slime creature.
Two slime creatures merge to form a very large slime creature.
Two slime creatures merge to form an enormous slime creature.
Your cactus giant barely misses the enormous slime creature.
Your mana viper bites the enormous slime creature!!
You catch the helpless enormous slime creature completely off-guard!
You puncture the enormous slime creature!
You freeze the enormous slime creature.
You puncture the enormous slime creature!
You freeze the enormous slime creature. You punch the enormous slime creature.
Your mana viper bites the enormous slime creature.
The enormous slime creature hits your mana viper!!!
Your mana viper dies!
Your mana viper disappears in a puff of smoke! 😎 MP[+1]
You puncture the enormous slime creature!
You freeze the enormous slime creature. You hit the enormous slime creature.
You freeze the enormous slime creature.
The enormous slime creature hits you!!!!
Ouch! That really hurt!
* * * LOW HITPOINT WARNING * * *
😨 HP[-77]
You take 77 damage, and now have 63/140 hp.
MASSIVE DAMAGE!! (PAUSE)
The enormous slime creature attacks as you move away!
The enormous slime creature hits you!!!!
Ouch! That really hurt!
You die...

Skill      XL: |  1  2  3  4  5  6  7  8  9 10 11 12 13 14 15 16 |
---------------+-------------------------------------------------+-----
Fighting       | 1 2 3 4 6 7 8 10 11 14 | 14.6
Summonings     | 2 3 4 5 6 7 10 12 | 12.1
Polearms       | 1 2 4 5 7 8 9 10 | 10.7
Dodging        | 3 |  3.5
Spellcasting   | 4 5 6 7 8 |  8.4
Armour         | 1 3 5 6 8 |  8.0
Hexes          | 2 5 6 |  6.0
Transmutations | 2 5 6 |  6.1
Earth Magic    | 6 9 |  9.0
Conjurations   | 6 8 |  8.7
Stealth        | |  2.0
Translocations | |  1.0

Action                   |  1- 3 |  4- 6 |  7- 9 | 10-12 | 13-15 | 16-18 || total
-------------------------+-------+-------+-------+-------+-------+-------++-------
Melee: War axe           |    23 |       |       |       |       |       ||    23
       Dagger            |    80 |    56 |       |       |       |       ||   136
       Punch             |       |     2 |     2 |    19 |    21 |     5 ||    49
       Spear             |       |    49 |   246 |  1170 |  1660 |   316 ||  3441
Throw: Dart              |       |     5 |       |     2 |    10 |       ||    17
       Boomerang         |       |       |       |     1 |     3 |       ||     4
 Cast: Magic Dart        |    14 |    10 |       |     1 |       |       ||    25
       Call Imp          |     4 |     9 |    33 |    89 |    72 |       ||   207
       Confusing Touch   |       |       |       |    12 |     1 |       ||    13
       Tukima's Dance    |       |       |       |     3 |    15 |     3 ||    21
       Summon Mana Viper |       |       |       |       |    68 |    30 ||    98
       Summon Cactus Gia |       |       |       |       |    39 |    22 ||    61
       Summon Forest     |       |       |       |       |     3 |     5 ||     8
       Iron Shot         |       |       |       |       |       |    14 ||    14
Invok: Curse Item        |       |     1 |     1 |     2 |     4 |     1 ||     9
       Shatter the Chain |       |     1 |       |       |       |       ||     1
Evoke: Wand              |       |       |       |    14 |     3 |       ||    17
       Box of beasts     |       |       |       |       |     1 |       ||     1
  Use: Potion            |     3 |     2 |       |     5 |       |       ||    10
       Scroll            |     3 |       |     5 |     6 |     3 |       ||    17
 Stab: Sleeping          |     5 |     7 |     2 |       |       |     1 ||    15
       Distracted        |       |     3 |     2 |    10 |    10 |     2 ||    27
       Invisible         |       |       |       |     2 |       |       ||     2
       Confused          |       |       |       |    19 |       |       ||    19
Armor: Robe              |    20 |       |       |       |       |       ||    20
       Leather armour    |    18 |    18 |       |       |       |       ||    36
       Ring mail         |       |     3 |    78 |   464 |   332 |   105 ||   982
Dodge: Dodged            |    82 |    42 |    89 |   624 |   439 |    84 ||  1360
Block: Other             |       |       |       |       |   139 |    43 ||   182
       Reflection        |       |       |       |       |     2 |     9 ||    11

Levels and vault maps discovered:
D:1:      scummos_arrival_star, layout_basic
D:2:      layout_basic, dilly_ecumenical_altar_fadedgnrine, basic_altar,
          minmay_misc_feat_room, interstate_on_off
D:3:      layout_basic, minitemple, gammafunk_temple_overflow_wave,
          minivault_24, corexii_corridor_pit, dreamdust_mushroom_princess,
          corexii_hall_statues_l, uniq_grinder, uniq_ijyb
D:4:      layout_basic, grunt_gozag_statues, minmay_manual_mail, uniq_eustachio
D:5:      layout_gridville, serial_shops, shop, uniq_edmund, uniq_blork_the_orc
D:6:      layout_loops_cross, amcnicky_mini_rare_corridor_liquid,
          kennysheep_nondescript, uniq_pikel, uniq_duvessa
D:7:      layout_rooms, minmay_temple_entry_gardened_gates, serial_undead,
          serial_undead_b, serial_undead_b, serial_undead_f, serial_undead_e,
          serial_undead_e, serial_undead_c, serial_shops,
          nicolae_shop_waterfront, minmay_ruffians
D:8:      layout_rooms, nicolae_ossuary_entry_ruins, grunt_ministairs_11,
          uniq_psyche, uniq_grum
D:9:      minmay_the_grid_four_pointed_star [minmay_the_grid_triangle_9x9_alien,
          minmay_the_grid_triangle_9x9_wacky_v,
          minmay_the_grid_triangle_9x9_negative_grid,
          minmay_the_grid_triangle_9x9_checkered,
          minmay_the_grid_prize_four_corners], layout_long_grid, serial_demonic,
          serial_demonic_g, serial_demonic_c, serial_demonic_f,
          serial_demonic_g, uniq_gastronok, uniq_harold
D:10:     layout_roguey, serial_bayou_pond_b, abandoned_shop, st_stairs_14,
          minmay_hollow_rounded_squares
D:11:     layout_irregular_city, grunt_lair_entry_orc_guard_hut,
          hangedman_abyss_or_decor_passed, roderic_roman_lattice, uniq_maurice
D:12:     layout_stronghold
D:13:     layout_long_grid
D:14:     layout_basic, david_vaults_2, minmay_misc_feat_x
D:15:     hangedman_depths_entry_civil_slaughter, layout_small_grid,
          nicolae_ru_the_path_less_chosen, chequers_serial_rivers_large_a
Lair:1:   layout_cave_pods
Lair:2:   layout_misc_corridors, spider_nest_entry_a,
          gammafunk_ghost_berserking_beasts
Lair:3:   layout_loops_ring, hangedman_lair_unloving_vines
Lair:4:   layout_cave_pods, elwin_shoals_entry_rooms, bobbens_dragon_lair_wall,
          uniq_kirke
Lair:5:   beast_lair_carwin_large_2, layout_gridlike,
          minmay_slime_entry_jelly_boxes, serial_bayou_pond_d,
          nicolae_lair_grove_arrangements
Lair:6:   cheibrodos_lair_end_hotspot, layout_regular_city,
          nicolae_lair_lakeside_cave, uniq_sonja
Orc:1:    layout_caves, basic_altar, nicolae_orc_lost_temple, uniq_jorgrun
Orc:2:    grunt_orc_community_town_hall, layout_caves,
          grunt_orc_community_big_house_2, grunt_orc_community_big_house_1,
          grunt_orc_community_house_2, grunt_orc_community_house_2,
          grunt_orc_community_house_2, grunt_orc_community_house_1,
          grunt_orc_community_house_2, grunt_orc_community_house_3, basic_altar,
          uniq_snorg

Notes
Turn   | Place    | Note
-------+----------+-------------------------------------------
     0 | D:1      | skullybones the Human Hedge Wizard began the quest for the
                  | Orb.
     0 | D:1      | Reached XP level 1. HP: 13/13 MP: 4/4
     0 | D:1      | magus.rc [v1.11.3]
   305 | D:1      | Reached XP level 2. HP: 14/20 MP: 6/6
   415 | D:1      | Learned a level 2 spell: Call Imp
   975 | D:1      | Reached XP level 3. HP: 11/25 MP: 4/7
   984 | D:1      | Reached skill level 1 in Fighting
  1843 | D:2      | You pick up a book of Misfortune and begin reading...
  1843 | D:2      | You add the spells Confusing Touch, Yara's Violent
                  | Unravelling and Enfeeble to your library.
  2230 | D:2      | Found a broken altar of Ashenzari.
  2270 | D:2      | Found a faded altar of an unknown god.
  2288 | D:2      | Became a worshipper of Ashenzari the Shackled
  3305 | D:3      | HP: 5/26 [something (2)]
  3310 | D:3      | Reached skill level 2 in Summonings
  3310 | D:3      | Reached XP level 4. HP: 19/32 MP: 7/9
  3601 | D:3      | HP: 8/32 [poisoned by an adder]
  3760 | D:3      | Noticed Ijyb
  3774 | D:3      | Killed Ijyb
  3775 | D:3      | Reached XP level 5. HP: 22/38 MP: 3/10
  4061 | D:3      | Identified the +5 spear of the Harvest {freeze, rC+ rN+
                  | Will++ Int-3}
  4189 | D:3      | Noticed Grinder
  4214 | D:3      | Killed Grinder
  4215 | D:3      | Reached skill level 2 in Fighting
  4215 | D:3      | Reached skill level 1 in Polearms
  4215 | D:3      | Reached skill level 3 in Dodging
  4215 | D:3      | Reached skill level 4 in Spellcasting
  4215 | D:3      | Reached skill level 3 in Summonings
  4215 | D:3      | Reached XP level 6. HP: 13/46 MP: 7/12
  4511 | D:3      | Found a snail-covered altar of Cheibriados.
  4524 | D:3      | Found a sacrificial altar of Ru.
  4628 | D:3      | Found a stormy altar of Qazlal.
  4628 | D:3      | Found a basalt altar of Yredelemnul.
  5198 | D:4      | You add the spells Tukima's Dance and Passage of Golubria
                  | to your library.
  5255 | D:4      | Found an opulent altar of Gozag.
  5419 | D:4      | Identified the +5 ring mail "Iptiylet" {+Inv rPois Regen+}
  5464 | D:4      | Noticed an ogre
  5472 | D:4      | Killed an ogre
  5473 | D:4      | Reached skill level 2 in Polearms
  5473 | D:4      | Reached XP level 7. HP: 49/51 MP: 10/13
  5496 | D:4      | Noticed a yak
  5504 | D:4      | Killed a yak
  5505 | D:4      | Reached skill level 3 in Fighting
  5505 | D:4      | Reached skill level 1 in Armour
  5583 | D:4      | Noticed Eustachio
  5597 | D:4      | Killed Eustachio
  5598 | D:4      | Reached XP level 8. HP: 56/58 MP: 12/14
  5714 | D:5      | Entered Level 5 of the Dungeon
  5718 | D:5      | Reached skill level 2 in Armour
  5762 | D:5      | Reached skill level 4 in Summonings
  5780 | D:5      | Found Tosual Loe's Jewellery Shoppe.
  5813 | D:5      | Reached skill level 3 in Polearms
  5918 | D:5      | Noticed Blork the orc
  5925 | D:5      | Killed Blork the orc
  5960 | D:5      | Reached skill level 4 in Fighting
  5960 | D:5      | Reached skill level 5 in Spellcasting
  6051 | D:5      | Reached skill level 3 in Armour
  6205 | D:5      | Noticed Edmund
  6217 | D:5      | Killed Edmund
  6218 | D:5      | Reached skill level 4 in Polearms
  6218 | D:5      | Reached XP level 9. HP: 64/66 MP: 12/17
  6393 | D:6      | Noticed Pikel
  6424 | D:6      | Killed Pikel
  6425 | D:6      | Reached skill level 5 in Fighting
  6425 | D:6      | Reached skill level 4 in Armour
  6508 | D:6      | Reached skill level 6 in Spellcasting
  6536 | D:6      | Reached skill level 5 in Polearms
  6592 | D:6      | Learned a level 5 spell: Yara's Violent Unravelling
  6807 | D:6      | Noticed Duvessa
  6823 | D:6      | Killed Duvessa
  6823 | D:6      | Noticed Dowan
  6840 | D:6      | Killed Dowan
  6993 | D:6      | Reached skill level 5 in Armour
  7061 | D:6      | Reached skill level 5 in Summonings
  7394 | D:7      | Reached skill level 6 in Fighting
  7394 | D:7      | Reached XP level 10. HP: 63/76 MP: 17/19
  7416 | D:7      | Found a staircase to the Ecumenical Temple.
  7544 | D:7      | HP: 18/74 [wight/+7 trident of freezing (3)]
  7567 | D:7      | Reached skill level 6 in Polearms
  7672 | D:7      | Found Jiff's Armour Boutique.
  7750 | D:7      | Bought a +0 cloak for 49 gold pieces
  7750 | D:7      | Bought a +1 pair of boots for 126 gold pieces
  7817 | D:7      | Reached skill level 6 in Armour
  7868 | D:7      | Reached skill level 6 in Summonings
  8058 | D:7      | Reached skill level 7 in Fighting
  8324 | D:8      | Found a sand-covered staircase.
  8362 | Ossuary  | Entered an ossuary
  8815 | D:8      | Reached skill level 7 in Polearms
  8917 | D:8      | Noticed Psyche
  8946 | D:8      | Reached XP level 11. HP: 84/84 MP: 17/20
  8964 | D:8      | Killed Psyche
  8993 | D:8      | Noticed Grum
  9001 | D:8      | Reached skill level 7 in Armour
  9001 | D:8      | Reached skill level 7 in Summonings
  9051 | D:8      | Killed Grum
  9651 | D:9      | Reached skill level 8 in Fighting
  9701 | D:9      | Noticed a two-headed ogre
  9724 | D:8      | HP: 18/84 [rust devil (6)]
 10175 | D:8      | Killed a two-headed ogre
 10334 | D:9      | Noticed a two-headed ogre
 10348 | D:9      | Killed a two-headed ogre
 10349 | D:9      | Reached skill level 8 in Polearms
 10349 | D:9      | Reached skill level 1 in Hexes
 10349 | D:9      | Reached skill level 1 in Transmutations
 10354 | D:9      | Noticed a cyclops
 10662 | D:9      | Noticed Harold
 10719 | D:9      | Killed Harold
 10786 | D:9      | Killed a cyclops
 10787 | D:9      | Reached skill level 8 in Armour
 10787 | D:9      | Reached skill level 2 in Hexes
 10787 | D:9      | Reached skill level 2 in Transmutations
 10848 | D:9      | Noticed a centaur warrior
 10853 | D:9      | Noticed a purple ugly thing
 10861 | D:9      | Killed a centaur warrior
 10873 | D:9      | Killed a purple ugly thing
 10941 | D:9      | Reached XP level 12. HP: 94/94 MP: 19/21
 10945 | D:9      | Learned a level 3 spell: Confusing Touch
 11036 | D:9      | Found a staircase to the Orcish Mines.
 11124 | D:9      | Noticed a skeletal warrior
 11135 | D:9      | Reached skill level 3 in Hexes
 11137 | D:9      | Reached skill level 3 in Transmutations
 11213 | D:9      | HP: 22/94 [skeletal warrior/+0 hand axe (5)]
 11219 | D:9      | HP: 4/94 [skeletal warrior/+0 hand axe (14)]
 11223 | D:9      | Killed a skeletal warrior
 11224 | D:9      | Reached skill level 9 in Fighting
 11338 | D:9      | Identified the +5 flail "Poca" {antimagic, SInv}
 11522 | D:9      | Reached * piety under Ashenzari
 11685 | D:9      | Identified the ring "Cygiv" {Ice rN+}
 11718 | D:9      | Reached skill level 9 in Polearms
 11718 | D:9      | Reached skill level 4 in Hexes
 11718 | D:9      | Reached skill level 4 in Transmutations
 11824 | D:9      | HP: 24/96 [wraith (1)]
 11829 | D:9      | HP: 17/96 [poisoned by a killer bee]
 11834 | D:9      | HP: 12/96 [killer bee (1)]
 11839 | D:9      | HP: 8/96 [wraith (6)]
 11851 | D:9      | HP: 21/96 [wraith (3)]
 11863 | D:9      | Noticed Gastronok
 11977 | D:8      | Upgraded the game from 0.29-a0-668-g12ee2bf84d to
                  | 0.29-a0-676-ga64570c9d2
 11977 | D:8      | magus.rc [v1.11.3]
 12062 | D:9      | Killed Gastronok
 12689 | D:10     | Entered Level 10 of the Dungeon
 12699 | D:9      | Reached skill level 5 in Transmutations
 12890 | D:10     | Reached skill level 5 in Hexes
 13060 | D:10     | Reached ** piety under Ashenzari
 13106 | D:10     | Learned a level 3 spell: Tukima's Dance
 13122 | D:10     | Found a large runed translucent door.
 13122 | D:10     | Found a large runed translucent door.
 13193 | D:10     | Noticed a skeletal warrior
 13255 | D:10     | magus.rc [v1.11.3]
 13368 | D:10     | Found a large runed translucent door.
 13368 | D:10     | Found a large runed translucent door.
 13535 | D:10     | Noticed a four-headed hydra
 13545 | D:10     | Killed a four-headed hydra
 13546 | D:10     | Reached skill level 10 in Fighting
 13546 | D:10     | Reached XP level 13. HP: 93/103 MP: 22/22
 13849 | D:10     | Reached skill level 6 in Transmutations
 13894 | D:10     | Reached skill level 6 in Hexes
 13901 | D:10     | HP: 21/103 [two-headed ogre/+0 giant club (21)]
 14461 | D:10     | Reached skill level 10 in Polearms
 15034 | D:10     | HP: 15/103 [skeletal warrior/+0 halberd (12)]
 15302 | D:10     | Noticed a fire dragon
 15690 | D:10     | You pick up a book of Annihilations and begin reading...
 15690 | D:10     | You add the spells Chain Lightning, Fire Storm and Shatter
                  | to your library.
 15761 | D:10     | Identified the +0 robe of Xejipyiru {rC+++ Will- Regen+
                  | Dex+4}
 16005 | D:11     | Noticed a boulder beetle
 16092 | D:11     | Killed a boulder beetle
 16248 | D:11     | Found a staircase to the Lair.
 16291 | D:11     | You pick up a book of the Wilderness and begin reading...
 16291 | D:11     | You add the spells Summon Forest, Summon Mana Viper and
                  | Summon Cactus Giant to your library.
 16333 | D:11     | Learned a level 5 spell: Summon Mana Viper
 16546 | D:11     | Noticed Maurice
 16578 | D:11     | Killed Maurice
 16682 | D:11     | Reached *** piety under Ashenzari
 16726 | D:11     | Reached skill level 11 in Fighting
 16726 | D:11     | Reached skill level 8 in Summonings
 17018 | Lair:1   | Entered Level 1 of the Lair of Beasts
 17883 | Lair:2   | You pick up a book of Armaments and begin reading...
 17883 | Lair:2   | You add the spells Stone Arrow, Animate Armour and
                  | Lehudib's Crystal Spear to your library.
 18012 | Lair:2   | Reached **** piety under Ashenzari
 18311 | Lair:2   | Reached skill level 9 in Summonings
 18447 | Lair:2   | Found a hole to the Spider Nest.
 18686 | Lair:2   | Found a transporter.
 18697 | Lair:2   | Noticed lunkers's ghost (journeyman FoFi)
 18697 | Lair:2   | Identified the +2 helmet of Articulation {-Cast Rampage
                  | rC+++ Dex-5 SInv}
 18709 | Lair:2   | Found a transporter.
 19329 | Lair:3   | Identified the +2 chain mail of the Engineer {-Cast rPois
                  | Slay+2}
 19909 | Lair:4   | Reached skill level 10 in Summonings
 20074 | Lair:4   | Reached XP level 14. HP: 88/114 MP: 23/23
 20267 | Lair:4   | Reached skill level 12 in Fighting
 20395 | Lair:4   | You pick up a book of Burglary and begin reading...
 20395 | Lair:4   | You add the spells Passwall, Ensorcelled Hibernation and
                  | Swiftness to your library.
 20403 | Lair:4   | Learned a level 6 spell: Summon Cactus Giant
 20430 | Lair:4   | Reached skill level 11 in Summonings
 20486 | Lair:4   | Noticed Kirke
 20492 | Lair:4   | Noticed a sphinx
 20502 | Lair:4   | Killed Kirke
 20746 | Lair:4   | Reached skill level 12 in Summonings
 20847 | Lair:4   | You pick up a book of Scorching and begin reading...
 20847 | Lair:4   | You add the spells Scorch and Flame Wave to your library.
 20988 | Lair:4   | Found a staircase to the Shoals.
 21317 | Lair:5   | You pick up a book of the Moon and begin reading...
 21494 | Lair:5   | Found a viscous altar of Jiyva.
 21495 | Lair:5   | Found a staircase to the Slime Pits.
 21893 | Lair:5   | Reached skill level 13 in Fighting
 22025 | Lair:5   | You pick up a book of Iron and begin reading...
 22025 | Lair:5   | You add the spells Blade Hands and Iron Shot to your
                  | library.
 22145 | Lair:6   | Entered Level 6 of the Lair of Beasts
 22333 | Lair:6   | Reached skill level 14 in Fighting
 22436 | Lair:6   | Found a large runed translucent door.
 22436 | Lair:6   | Found a large runed translucent door.
 22443 | Lair:6   | Found the ring of the Mage {Wiz Archmagi}
 22570 | Lair:6   | Reached XP level 15. HP: 104/126 MP: 19/24
 23004 | Lair:6   | Reached skill level 1 in Earth Magic
 23092 | Lair:6   | Reached skill level 2 in Conjurations
 23112 | Lair:6   | Reached skill level 2 in Earth Magic
 23313 | Lair:6   | Noticed Sonja
 23323 | Lair:6   | Killed Sonja
 23324 | Lair:6   | Reached skill level 3 in Conjurations
 23538 | Lair:6   | Reached skill level 3 in Earth Magic
 23756 | Lair:6   | Reached skill level 4 in Conjurations
 23797 | Lair:6   | Reached skill level 4 in Earth Magic
 24445 | Orc:1    | Entered Level 1 of the Orcish Mines
 24517 | Orc:1    | Learned a level 5 spell: Summon Forest
 24662 | Orc:1    | Found a burning altar of Makhleb.
 24685 | Orc:1    | Reached skill level 5 in Conjurations
 24695 | Orc:1    | Noticed an orc warlord
 24723 | Orc:1    | Reached skill level 5 in Earth Magic
 24732 | Orc:1    | Killed an orc warlord
 24733 | Orc:1    | Reached skill level 7 in Spellcasting
 25040 | Orc:1    | Noticed Jorgrun
 25071 | Orc:1    | Killed Jorgrun
 25351 | Orc:2    | Entered Level 2 of the Orcish Mines
 25351 | Orc:2    | Noticed Snorg
 25360 | Orc:2    | Killed Snorg
 25711 | Orc:2    | Found Voykkor's Weapon Shoppe.
 25716 | Orc:2    | Found a staircase to the Elven Halls.
 25988 | Orc:2    | Found Yroozoti's Antique Armour Shop.
 25997 | Orc:2    | Found Oke Oly's Antique Weapon Boutique.
 26086 | Orc:2    | Found Rocroikk's Book Boutique.
 26123 | Orc:2    | Reached skill level 6 in Conjurations
 26242 | Orc:2    | Noticed an orc warlord
 26258 | Orc:2    | Reached skill level 6 in Earth Magic
 26744 | Orc:2    | Killed an orc warlord
 26879 | Orc:2    | Bought a pair of glowing gloves for 232 gold pieces
 27169 | D:12     | Reached XP level 16. HP: 113/134 MP: 24/27
 27548 | D:12     | You pick up a book of Dangerous Friends and begin
                  | reading...
 27548 | D:12     | You add the spells Summon Guardian Golem, Orb of
                  | Destruction and Spellforged Servitor to your library.
 27938 | D:12     | Reached skill level 7 in Conjurations
 28049 | D:12     | You pick up a book of Displacement and begin reading...
 28049 | D:12     | You add the spells Lesser Beckoning, Gell's Gravitas and
                  | Teleport Other to your library.
 28493 | D:13     | Reached skill level 7 in Earth Magic
 28972 | D:13     | Identified the +1 leather armour of the Spider Nest
                  | {Rampage rPois rF+ Str+3}
 29669 | D:14     | Reached ***** piety under Ashenzari
 29677 | D:14     | Learned a level 6 spell: Iron Shot
 29711 | D:14     | Reached skill level 8 in Conjurations
 30087 | D:14     | Reached skill level 8 in Spellcasting
 30087 | D:14     | Reached skill level 8 in Earth Magic
 30292 | D:14     | Found a gate to the Vaults.
 30463 | D:15     | Entered Level 15 of the Dungeon
 30816 | D:15     | Found a staircase to the Depths.
 31001 | D:15     | You add the spells Sting, Poisonous Vapours and Olgreb's
                  | Toxic Radiance to your library.
 31030 | D:15     | Reached skill level 9 in Earth Magic
 31141 | D:15     | Mangled by an enormous slime creature

Vanquished Creatures
  Jorgrun (Orc:1)
  Gastronok (D:9)
  Kirke (Lair:4)
  An ettin (D:15)
  A fire dragon (Lair:6)
  A yaktaur captain (D:14)
  Harold (D:9)
  4 hydras
  A boulder beetle (D:11)
  4 centaur warriors
  A two-headed ogre (D:12)
  A death yak (Lair:5)
  2 tengu warriors
  A skeletal warrior (D:9)
  Pikel (D:6)
  2 deep trolls (D:15)
  A necromancer (D:15)
  A deep elf pyromancer (D:10)
  A manticore (D:9)
  6 ugly things
  3 cyclopes
  2 elephants (Lair:4)
  2 merfolk sirens (Lair:4)
  Maurice (D:11)
  5 black mambas
  8 cane toads
  2 gargoyles
  Psyche (D:8)
  3 rime drakes (Lair:4)
  6 komodo dragons
  A yaktaur (shapeshifter) (D:15)
  5 yaktaurs
  6 trolls
  A wolf spider simulacrum (D:14)
  24 blink frogs
  2 polar bears
  5 slime creatures
  4 dream sheep (Lair:6)
  A centaur simulacrum (D:14)
  A jumping spider (Lair:2)
  A ynoxinul (D:8)
  7 wyverns
  2 vampires
  A water elemental (D:13)
  4 humans (D:7)
  3 wraiths
  29 yaks
  4 basilisks
  Eustachio (D:4)
  A redback (Lair:2)
  11 steam dragons
  7 vampire mosquitoes
  Edmund (D:5)
  A dancing weapon (D:10)
  Duvessa (D:6)
  An acid dragon (D:10)
  4 water moccasins
  A hell hound (Lair:6)
  15 orc warriors
  A nameless horror (Lair:4)
  An ice beast (D:8)
  2 sky beasts
  3 black bears
  4 wolves (D:8)
  3 ogres
  2 centaurs (D:10)
  2 phantoms
  7 kobold brigands
  2 wyvern zombies (D:7)
  A necrophage (D:8)
  10 bullfrogs
  3 scorpions
  17 wights
  Dowan (D:6)
  21 killer bees
  5 electric eels
  4 howler monkeys
  5 lava snakes (Lair:6)
  2 quasits
  5 orc priests
  3 gnoll shamans
  A hound (D:5)
  11 jellies
  An iguana (D:5)
  10 orc wizards
  6 mummies (Ossuary)
  13 gnolls
  4 adders
  A white imp (D:6)
  2 ufetubi
  4 worms
  2 dart slugs
  48 orcs
  4 ball pythons
  8 bats
  4 endoplasms
  A giant cockroach (D:1)
  2 goblins
  4 hobgoblins
  6 jackals
  5 quokkas
  A frilled lizard (D:1)
  2 gnoll zombies (Ossuary)
  2 hobgoblin zombies (Ossuary)
  29 kobolds
  A kobold zombie (Ossuary)
  2 orc zombies (Ossuary)
  5 rats
494 creatures vanquished.

Vanquished Creatures (collateral kills)
  2 orc warlords
  A fire dragon (Lair:4)
  Snorg (Orc:2)
  3 hydras
  4 two-headed ogres
  3 death yaks (Lair:5)
  2 orc high priests
  Sonja (Lair:6)
  4 skeletal warriors
  A lindwurm (Lair:6)
  An orc knight (D:15)
  A necromancer (D:15)
  6 orc sorcerers
  6 cyclopes
  3 manticores
  4 ugly things
  3 black mambas (Lair:6)
  4 elephants
  3 molten gargoyles (Lair:6)
  2 torpor snails (Lair:6)
  A cane toad (Lair:6)
  8 rime drakes
  7 yaktaurs
  4 komodo dragons (Lair:6)
  A troll (Orc:2)
  A polar bear (Lair:6)
  Grinder (D:3)
  3 slime creatures (D:12)
  A dream sheep (Lair:6)
  7 blink frogs
  2 water elementals (D:13)
  A wraith (D:12)
  A vampire (D:13)
  10 yaks
  A wyvern (Lair:6)
  4 basilisks (Lair:6)
  Grum (D:8)
  A basilisk (shapeshifter) (D:15)
  5 steam dragons
  3 wargs
  A water moccasin (Lair:6)
  3 hell hounds (Lair:6)
  14 orc warriors
  An ice beast (D:8)
  3 ogres
  A lemure (D:6)
  A kobold brigand (D:9)
  Blork the orc (D:5)
  3 bullfrogs
  A wight (D:9)
  A killer bee (D:9)
  8 jellies
  10 orc priests
  Ijyb (D:3)
  A hell rat (Lair:6)
  8 orc wizards
  2 mummies (Ossuary)
  2 gnolls (D:6)
  34 orcs
  3 kobolds
  A kobold zombie (Ossuary)
218 creatures vanquished.

Vanquished Creatures (others)
  A dancing weapon (Orc:1)
  4 humans (Lair:4)
  An orc priest (Orc:2)
  2 orcs
  4 demonic plants (D:9)
  21 fungi
  21 plants
  A snaplasher vine (D:12)
  4 withered plants (D:7)
59 creatures vanquished.

Grand Total: 771 creatures vanquished

Table legend:
 A = Non-vault XP
 B = Vault XP
 C = Vault XP percentage of total XP
 D = Non-vault monster count
 E = Vault monster count
 F = Vault count percentage of total count
                 A         B        C        D         E       F
            +---------+---------+-------+---------+---------+-------
      Total |   76143 |   63685 |  45.5 |     432 |     278 |  39.2
            +---------+---------+-------+---------+---------+-------
        D:1 |      32 |       0 |   0.0 |      17 |       0 |   0.0
        D:2 |      15 |       0 |   0.0 |       7 |       0 |   0.0
        D:3 |      86 |     322 |  78.9 |      22 |       2 |   8.3
        D:4 |     239 |     398 |  62.5 |      16 |       5 |  23.8
        D:5 |     747 |     265 |  26.2 |      16 |       2 |  11.1
        D:6 |     802 |     920 |  53.4 |      24 |       3 |  11.1
        D:7 |    1374 |    1258 |  47.8 |      21 |      10 |  32.3
        D:8 |    3151 |    1515 |  32.5 |      37 |      16 |  30.2
        D:9 |    3087 |    9183 |  74.8 |      33 |      28 |  45.9
       D:10 |     952 |    5589 |  85.4 |       7 |      16 |  69.6
       D:11 |    3618 |     995 |  21.6 |      13 |       5 |  27.8
       D:12 |    6108 |       0 |   0.0 |      15 |       0 |   0.0
       D:13 |   10280 |       0 |   0.0 |      20 |       0 |   0.0
       D:14 |    2947 |    1606 |  35.3 |       9 |       3 |  25.0
       D:15 |    7196 |    4312 |  37.5 |      19 |       6 |  24.0
     Lair:1 |    1188 |       0 |   0.0 |       5 |       0 |   0.0
     Lair:2 |    5928 |     416 |   6.6 |      24 |       2 |   7.7
     Lair:3 |    1679 |       0 |   0.0 |       8 |       0 |   0.0
     Lair:4 |    8307 |    8268 |  49.9 |      31 |      23 |  42.6
     Lair:5 |    1318 |    4231 |  76.2 |       6 |      20 |  76.9
     Lair:6 |    9605 |   15193 |  61.3 |      28 |      45 |  61.6
      Orc:1 |    6681 |    1941 |  22.5 |      48 |       1 |   2.0
      Orc:2 |     803 |    7120 |  89.9 |       6 |      75 |  92.6
    Ossuary |       0 |     153 | 100.0 |       0 |      16 | 100.0
            +---------+---------+-------+---------+---------+-------

Illustrated notes

Table legend:
 A = Kills in this place as a percentage of kills in entire the game.
 B = Kills by you in this place as a percentage of kills by you in the entire game.
 C = Kills by friends in this place as a percentage of kills by friends in the entire game.
 D = Other kills in this place as a percentage of other kills in the entire game.
 E = Experience gained in this place as a percentage of experience gained in the entire game.
 F = Experience gained in this place divided by the number of levels of this place that you have seen.
                   A       B       C       D       E      F
               +-------+-------+-------+-------+-------+----------------------
         Total | 100.0 | 100.0 | 100.0 | 100.0 | 100.0 | 5826.2
       Dungeon |  52.4 |  63.3 |  27.6 |  50.0 |  47.9 | 4466.5
          Lair |  27.0 |  23.6 |  35.0 |   0.0 |  40.1 | 9355.5
  Orcish Mines |  18.3 |  10.4 |  35.9 |  50.0 |  11.8 | 8272.5
       Ossuary |   2.3 |   2.6 |   1.4 |   0.0 |   0.1 | 153.0
               +-------+-------+-------+-------+-------+----------------------

Table legend: (Time is in decaauts)
 A = Elapsed time spent in this place.
 B = Non-inter-level travel time spent in this place.
 C = Inter-level travel time spent in this place.
 D = Time resting spent in this place.
 E = Time spent auto-exploring this place.
 F = Levels seen in this place.
 G = Mean time per level.
                   A        B        C        D        E       F      G
               +--------+--------+--------+--------+--------+-----+--------+
         Total |  29795 |  28252 |   1543 |   2883 |  18809 |  24 | 1241.5 |
       Dungeon |  20288 |  19200 |   1088 |   2605 |  12207 |  15 | 1352.5 |
          Lair |   6831 |   6534 |    297 |    249 |   4931 |   6 | 1138.5 |
  Orcish Mines |   2374 |   2217 |    157 |     29 |   1511 |   2 | 1187.0 |
       Ossuary |    300 |    300 |      0 |      0 |    159 |   1 |  300.0 |
               +--------+--------+--------+--------+--------+-----+--------+

Top non-repeatable levels by time:
     D:9: 2775 daAuts
    D:10: 2268 daAuts
     D:3: 2224 daAuts
  Lair:6: 1940 daAuts
     D:8: 1659 daAuts
     D:2: 1535 daAuts
   Orc:2: 1494 daAuts
     D:1: 1414 daAuts
  Lair:4: 1263 daAuts
    D:13: 1234 daAuts
    D:11: 1213 daAuts
  Lair:2: 1141 daAuts
     D:7: 1131 daAuts
    D:12: 1091 daAuts
     D:6: 1037 daAuts
